 Dungeon Sprint DCSS version 0.21.1-1-g345015f (webtiles) character file.

24812 equalderp2856 the Peltast (level 12, -4/130 HPs)
             Began as a Minotaur Fighter on May 18, 2018.
             Slain by a stone giant (27 damage)
             ... in the Dungeon (Sprint IX: "|||||||||||||||||||||||||||||").
             The game lasted 00:10:28 (4868 turns).

equalderp2856 the Peltast (Minotaur Fighter)        Turns: 4868, Time: 00:10:29

Health: -4/130     AC: 21    Str: 22    XL:     12   Next: 84%
Magic:  12/12      EV: 12    Int:  7    God:
Gold:   1717       SH: 15    Dex: 12    Spells: 5/11 levels left

rFire    . . .     SeeInvis .   r - +2 rapier (venom)
rCold    . . .     Gourm    .   c - +0 shield
rNeg     . . .     Faith    .   u - +1 chain mail
rPois    .         Spirit   .   (helmet restricted)
rElec    .         Reflect  .   A - +0 cloak
rCorr    .         Harm     .   J - +1 pair of gloves
MR       .....     NoTele   +   s - +0 pair of boots
Stlth    ..........             (no amulet)
HPRegen  0.31/turn              (no ring)
MPRegen  0.13/turn              (no ring)

@: no status effects
A: retaliatory headbutt, horns 2
a: no special abilities


You were in the Dungeon.
You were not hungry.

You visited 1 branch You collected 1937 gold pieces.
You spent 220 gold pieces at shops.

Inventory:

Hand Weapons
 a - a +0 rapier
 r - a +2 rapier of venom (weapon)
Armour
 b - a +0 scale mail
 c - a +0 shield (worn)
 s - a +0 pair of boots (worn)
 t - a +0 cloak
 u - a +1 chain mail (worn)
 A - a +0 cloak (worn)
 B - a +0 pair of gloves
 C - a +0 pair of boots
 E - a +0 plate armour
 I - +0 swamp dragon scales
 J - a +1 pair of gloves (worn)
Jewellery
 q - a +3 ring of dexterity
 D - a +3 ring of strength
 G - an uncursed ring of magical power
Wands
 o - a wand of iceblast (10)
 p - a wand of digging (15)
Scrolls
 k - 3 scrolls of blinking
 m - 4 scrolls of remove curse
 n - 2 scrolls of amnesia
 w - 2 scrolls of magic mapping
 x - 3 scrolls of identify
 y - a scroll of fear
 z - 4 scrolls of enchant armour
 H - 4 scrolls of enchant weapon
Potions
 d - a potion of might
 e - 7 potions of curing
 g - 3 potions of heal wounds
 h - a potion of haste
 i - 4 potions of magic
 j - a potion of berserk rage
 l - 3 potions of agility
 v - 2 potions of brilliance
Books
 F - a book of Minor Magic

   Spells                             Type                      Level
   a - Magic Dart                     Conjuration                  1
   b - Blink                          Translocation                2
   c - Call Imp                       Summoning                    2
   d - Slow                           Hexes                        2
   e - Conjure Flame                  Conjuration/Fire             3
   f - Mephitic Cloud                 Conjuration/Poison/Air       3
Comestibles
 f - 9 rations


   Skills:
 + Level 19.0 Fighting
 + Level 18.3 Short Blades
 + Level 16.7 Armour
 + Level 7.8 Dodging
 + Level 3.8 Stealth
 + Level 19.2 Shields
 + Level 2.2 Evocations


You had 5 spell levels left.
You knew the following spells:

 Your Spells              Type           Power        Failure   Level  Hunger
a - Blink                 Tloc           N/A          96%         2    ###....
b - Conjure Flame         Conj/Fire      #.......     99%         3    ####...
c - Magic Dart            Conj           #...         89%         1    ##.....


Dungeon Overview and Level Annotations

Branches:
Dungeon (1/1)

Altars:
Cheibriados
Dithmenos
Elyvilon
Fedhas
Gozag
Hepliaklqana
Kikubaaqudgha
Makhleb
Nemelex Xobeh
Okawaru
Qazlal
Ru
Sif Muna
Trog
Uskayaw
Vehumet
Wu Jian
Xom
Yredelemnul
Zin
The Shining One
Beogh
Jiyva
Lugonu

Shops:
D }%=:


Innate Abilities, Weirdness & Mutations

You reflexively headbutt those who attack you in melee.
You have a pair of horns on your head.


Message History

You headbutt the stone giant, but do no damage.
The stone giant is lightly wounded.
The stone giant hits you!
* * * LOW HITPOINT WARNING * * *
You hit the stone giant.
The stone giant looks as sick as possible!
The stone giant is lightly wounded.
You puncture the stone giant!
The stone giant looks as sick as possible!
The stone giant is moderately wounded.
You block the stone giant's attack.
You impale the stone giant!!
The stone giant looks as sick as possible!
The stone giant is heavily wounded.
You hit the stone giant.
The stone giant looks as sick as possible!
You headbutt the stone giant, but do no damage.
The stone giant is heavily wounded.
The stone giant hits you!!
You die...

▓_▓.▓.▓.▓)▓.▓.▓
▓_▓.▓.▓)▓)▓.▓.▓
▓_▓.▓.▓.▓)▓.▓.▓
▓_▓.▓.▓.▓.▓.▓.▓
▓_▓÷▓.▓.▓.▓)▓.▓
▓_▓.▓.▓.▓.▓.▓.▓
▓_▓.▓.▓.▓'▓.▓.▓
▓'▓.▓'▓.▓)▓.▓(▓
▓.▓.▓.▓.▓.▓.▓@▓
▓.▓.▓.▓.▓)▓.▓C▓
▓|▓.▓.▓.▓.▓)▓(▓
▓)▓.▓.▓.▓.▓.▓)▓
▓.▓.▓.▓)▓∩▓.▓.▓
▓.▓.▓.▓)▓(▓.▓)▓
▓.▓.▓.▓.▓∩▓.▓.▓
▓.▓.▓.▓.▓.▓.▓.▓
▓.▓.▓.▓.▓∩▓.▓.▓


You could see a stone giant.

Vanquished Creatures
  A sphinx (D)
  A very ugly thing (D)
  An ogre mage (D)
  A great orb of eyes (D)
  Josephine (D)
  A hydra (D)
  A catoblepas (D)
  2 centaur warriors (D)
  7 orc high priests (D)
  Urug (D)
  A skeletal warrior (D)
  8 orc knights (D)
  A cyclops (D)
  A deep elf mage (D)
  2 ugly things (D)
  A manticore (D)
  Maurice (D)
  2 spiny frogs (D)
  A komodo dragon (D)
  A troll (D)
  3 polar bears (D)
  A wyvern (D)
  6 wraiths (D)
  3 water moccasins (D)
  An acid dragon (D)
  3 porcupines (D)
  18 orc warriors (D)
  6 black bears (D)
  A sky beast (D)
  A necrophage (D)
  A big kobold (D)
  6 bullfrogs (D)
  A howler monkey (D)
  A crimson imp (D)
  A hound (D)
  3 orc priests (D)
  An iguana (D)
  3 orc wizards (D)
  2 worker ants (D)
  An adder (D)
  2 orcs (D)
  A bat skeleton (D)
  A giant cockroach (D)
  3 goblins (D)
  A ball python (D)
  A rat (D)
108 creatures vanquished.

Notes
Turn   | Place    | Note
-------+----------+-------------------------------------------
     0 | D        | equalderp2856 the Minotaur Fighter began the quest for the Orb.
     0 | D        | Reached XP level 1. HP: 19/19 MP: 0/0
    20 | D        | Noticed a howler monkey
    20 | D        | Noticed a hound
    20 | D        | Noticed a sky beast
    24 | D        | Killed a howler monkey
    24 | D        | Reached skill level 5 in Fighting
    24 | D        | Reached skill level 5 in Armour
    24 | D        | Reached skill level 5 in Shields
    24 | D        | Reached XP level 2. HP: 28/30 MP: 1/1
    24 | D        | Reached XP level 3. HP: 34/37 MP: 2/2
    39 | D        | Reached XP level 4. HP: 28/45 MP: 3/3
    43 | D        | Killed a sky beast
    43 | D        | Reached skill level 5 in Short Blades
    43 | D        | Reached skill level 1 in Dodging
    43 | D        | Reached XP level 5. HP: 34/53 MP: 4/4
   155 | D        | Found a roughly hewn altar of Beogh.
   155 | D        | Found a snail-covered altar of Cheibriados.
   155 | D        | Found a shadowy altar of Dithmenos.
   155 | D        | Found a white marble altar of Elyvilon.
   155 | D        | Found a blossoming altar of Fedhas.
   155 | D        | Found an opulent altar of Gozag.
   156 | D        | Found a hazy altar of Hepliaklqana.
   157 | D        | Found a viscous altar of Jiyva.
   158 | D        | Found an ancient bone altar of Kikubaaqudgha.
   159 | D        | Found a corrupted altar of Lugonu.
   160 | D        | Found a burning altar of Makhleb.
   161 | D        | Found a sparkling altar of Nemelex Xobeh.
   162 | D        | Found an iron altar of Okawaru.
   163 | D        | Found a stormy altar of Qazlal.
   164 | D        | Found a sacrificial altar of Ru.
   165 | D        | Found a deep blue altar of Sif Muna.
   166 | D        | Found a bloodstained altar of Trog.
   167 | D        | Found a hide-covered altar of Uskayaw.
   168 | D        | Found a radiant altar of Vehumet.
   169 | D        | Found an ornate altar of the Wu Jian Council.
   170 | D        | Found a shimmering altar of Xom.
   171 | D        | Found a basalt altar of Yredelemnul.
   172 | D        | Found a glowing silver altar of Zin.
   173 | D        | Found a glowing golden altar of the Shining One.
   234 | D        | Noticed a necrophage
   253 | D        | Killed a necrophage
   253 | D        | Reached XP level 6. HP: 57/62 MP: 5/5
   263 | D        | Reached skill level 10 in Shields
   346 | D        | Noticed a deep elf mage
   346 | D        | Noticed an orc warrior
   346 | D        | Noticed an orc warrior
   346 | D        | Noticed a manticore
   346 | D        | Noticed an acid dragon
   388 | D        | Killed a deep elf mage
   388 | D        | Reached skill level 10 in Fighting
   388 | D        | Reached XP level 7. HP: 11/73 MP: 6/6
   430 | D        | Reached skill level 10 in Short Blades
   438 | D        | Reached XP level 8. HP: 54/81 MP: 7/7
   515 | D        | Killed a manticore
   515 | D        | Reached skill level 10 in Armour
   515 | D        | Reached skill level 1 in Stealth
  1055 | D        | Noticed a komodo dragon
  1055 | D        | Noticed a spiny frog
  1068 | D        | Killed a komodo dragon
  1078 | D        | Killed a spiny frog
  1078 | D        | Reached XP level 9. HP: 57/90 MP: 8/8
  1104 | D        | Noticed a catoblepas
  1377 | D        | Killed a catoblepas
  1480 | D        | Noticed a spiny frog
  1480 | D        | Noticed an eight-headed hydra
  1480 | D        | Noticed a polar bear
  1486 | D        | Killed a spiny frog
  1486 | D        | Reached skill level 1 in Evocations
  1529 | D        | Killed an eight-headed hydra
  1529 | D        | Reached XP level 10. HP: 20/101 MP: 8/10
  1882 | D        | Reached skill level 5 in Dodging
  2020 | D        | Reached skill level 15 in Short Blades
  2424 | D        | Noticed an orc knight
  2453 | D        | Killed an orc knight
  2559 | D        | Reached skill level 15 in Shields
  2582 | D        | Reached XP level 11. HP: 67/111 MP: 11/11
  2755 | D        | Found Keteun's Gadget Emporium.
  2755 | D        | Noticed an orc knight
  2755 | D        | Noticed an orc knight
  2755 | D        | Noticed an orc high priest
  2755 | D        | Noticed an orc high priest
  2755 | D        | Noticed an orc high priest
  2756 | D        | Noticed an orc high priest
  2757 | D        | Noticed a sun demon
  2765 | D        | Killed an orc knight
  2765 | D        | Reached skill level 15 in Fighting
  2769 | D        | Noticed a sixfirhy
  2806 | D        | Noticed a sun demon
  2857 | D        | Killed an orc knight
  2886 | D        | Killed an orc high priest
  2893 | D        | Killed an orc high priest
  2949 | D        | Killed an orc high priest
  3050 | D        | Killed an orc high priest
  3053 | D        | Noticed an orc knight
  3075 | D        | Killed an orc knight
  3079 | D        | Noticed an orc high priest
  3080 | D        | Noticed a soul eater
  3081 | D        | Noticed an orc high priest
  3082 | D        | Found Goner's Food Shoppe.
  3434 | D        | Killed an orc high priest
  3434 | D        | Reached skill level 15 in Armour
  3468 | D        | Killed an orc high priest
  3469 | D        | Found Qeobbuim's Jewellery Emporium.
  3473 | D        | Found Iboaped's Book Shoppe.
  3486 | D        | Noticed an orc knight
  3487 | D        | Noticed an orc high priest
  3488 | D        | Noticed an orc knight
  3489 | D        | Noticed an orc knight
  3506 | D        | Killed an orc knight
  3519 | D        | Killed an orc high priest
  3693 | D        | Killed an orc knight
  3760 | D        | Killed an orc knight
  3879 | D        | Bought a book of Minor Magic for 220 gold pieces
  3888 | D        | Learned a level 2 spell: Blink
  3892 | D        | Learned a level 3 spell: Conjure Flame
  3894 | D        | Learned a level 1 spell: Magic Dart
  3932 | D        | Noticed Maurice
  3935 | D        | Noticed Josephine
  3943 | D        | Killed Maurice
  3971 | D        | Killed Josephine
  3971 | D        | Reached XP level 12. HP: 90/125 MP: 12/12
  4022 | D        | Noticed Urug
  4038 | D        | Killed Urug
  4312 | D        | Noticed a centaur warrior
  4314 | D        | Noticed a centaur warrior
  4319 | D        | Killed a centaur warrior
  4330 | D        | Noticed a great orb of eyes
  4331 | D        | Noticed a purple very ugly thing
  4362 | D        | Noticed an ogre mage
  4382 | D        | Killed a purple very ugly thing
  4389 | D        | Killed a centaur warrior
  4390 | D        | Noticed a sphinx
  4401 | D        | Noticed a stone giant
  4405 | D        | Killed a great orb of eyes
  4762 | D        | Paralysed by an ogre mage for 7 turns
  4775 | D        | Killed an ogre mage
  4859 | D        | Paralysed by a sphinx for 2 turns
  4860 | D        | Killed a sphinx
  4868 | D        | Slain by a stone giant

Skill      XL: |  1  2  3  4  5  6  7  8  9 10 11 12 |
---------------+-------------------------------------+-----
Fighting       | 5 6 7 8 10 11 13 14 17 19 | 19.0
Armour         | 5 6 7 8 9 11 12 13 15 16 | 16.7
Shields        | 5 6 8 9 11 12 13 15 17 19 | 19.2
Short Blades   | 3 5 6 9 10 12 14 15 16 18 | 18.3
Dodging        | 1 2 3 4 6 7 |  7.8
Stealth        | 2 3 |  3.8
Evocations     | 1 2 |  2.2

Action                   |  1- 3 |  4- 6 |  7- 9 | 10-12 || total
-------------------------+-------+-------+-------+-------++-------
Melee: Rapier            |    29 |    45 |    89 |   545 ||   708
       Headbutt          |     2 |     7 |    25 |   138 ||   172
Evoke: Wand              |       |       |     4 |       ||     4
  Use: Potion            |       |       |     3 |     1 ||     4
       Scroll            |       |       |       |     1 ||     1
 Stab: Invisible         |       |       |     2 |       ||     2
  Eat: Chunk             |       |       |     1 |     5 ||     6
       Ration            |       |       |       |     2 ||     2
Armor: Scale mail        |     5 |     2 |       |       ||     7
       Chain mail        |       |    14 |    21 |    87 ||   122
Dodge: Dodged            |     8 |     5 |    17 |    74 ||   104
Block: Shield            |    16 |     7 |    34 |   155 ||   212
